 Dungeon Crawl Stone Soup version 0.31.0 (webtiles) character file.

Game seed: 16853810834402903514

67 qw the Shooter (level 4, 0/28 HPs)
             Began as a Gargoyle Hunter on Jan 19, 2024.
             Slain by a gnoll
             ... wielding a +0 whip
              (2 damage)
             ... on level 2 of the Dungeon.
             The game lasted 00:00:04 (1374 turns).

qw the Shooter (Gargoyle Hunter)                    Turns: 1374, Time: 00:00:05

Health: 0/28       AC:  6    Str: 14    XL:     4   Next: 18%
Magic:  4/4        EV: 11    Int: 10    God:
Gold:   63         SH:  0    Dex: 15    Spells: 3/3 levels left

rFire   . . .        a - +1 shortbow
rCold   . . .        (shield currently unavailable)
rNeg    + . .        c - +0 leather armour
rPois   inf          (no helmet)
rElec   +            (no cloak)
rCorr   .            (no gloves)
SInv    .            (no boots)
Will    .....        (no amulet)
Stlth   ++           (no ring)
HPRegen 0.24/turn    (no ring)
MPRegen 0.09/turn

%: no passive effects
@: no status effects
A: sickness immunity, AC +3, negative energy resistance 1, electricity
resistance, torment resistance 1, petrification resistance
a: no special abilities


You were on level 2 of the Dungeon.
You visited 1 branch of the dungeon, and saw 2 of its levels.

You collected 63 gold pieces.


Innate Abilities, Weirdness & Mutations

You are immune to sickness and miasma.
Your stone body is resilient. (AC +3)
You are immune to poison.
You resist negative energy. (rN+)
You are resistant to electric shocks. (rElec)
You are resistant to unholy torment.
You are immune to petrification.


   Skills:
 - Level 3.1 Fighting
 + Level 5.2 Ranged Weapons
 - Level 1.5 Dodging
 - Level 1.1 Stealth


You had 3 spell levels left.
You didn't know any spells.
Your spell library was empty.

Inventory:

Hand Weapons
 a - a +1 shortbow (weapon)
Armour
 c - a +0 leather armour (worn)
 g - a +0 ring mail
Scrolls
 d - a scroll of blinking {unknown}
Potions
 b - a potion of might {unknown}
 e - a potion of lignification {unknown}
 f - a potion of brilliance {unknown}

Dungeon Overview and Level Annotations

Branches:
Dungeon (2/15)

Altars:

Annotations:
D:2 1 runed translucent door, Crazy Yiuf


Message History

You shoot an arrow. The arrow hits the gnoll.
The gnoll is heavily wounded.
You hear a shout!
A gnoll comes into view. It is wielding a +0 flail.
You hear a shout!
You shoot an arrow. The arrow hits the gnoll!
You kill the gnoll!
You hear a splash.
Your Fighting skill increases to level 3!
You have reached level 4!
You feel clever.
You shoot an arrow. The arrow closely misses the gnoll.
You shoot an arrow. The arrow hits the gnoll.
The gnoll is lightly wounded.
A gnoll comes into view. It is wielding a +0 whip.
The gnoll barely misses you.
You shoot an arrow. The arrow barely misses the gnoll.
The gnoll shouts!
The gnoll hits you with a +0 flail.
You shoot an arrow. The arrow hits the gnoll.
The gnoll is moderately wounded.
The gnoll hits you with a +0 flail.
You shoot an arrow. The arrow closely misses the gnoll.
The gnoll closely misses you.
You shoot an arrow. The arrow hits the gnoll.
The gnoll is moderately wounded.
The gnoll hits you with a +0 flail!
You shoot an arrow. The arrow hits the gnoll.
The gnoll is almost dead.
The gnoll hits you with a +0 flail.
You shoot an arrow. The arrow hits the gnoll.
You kill the gnoll!
You shoot an arrow. The arrow closely misses the gnoll.
The gnoll hits you with a +0 whip.
You shoot an arrow. The arrow hits the gnoll.
The gnoll is lightly wounded.
The gnoll hits you with a +0 whip.
You shoot an arrow. The arrow hits the gnoll.
The gnoll is heavily wounded.
The gnoll hits you with a +0 whip. x2
You die...

#.##### #..#
#..###.###..# # #.#
##.#~ #...........###
#.# ###~
...####.####.... ..#
#~. #.# ####. ### #~.
#.# #...# # #~.~ #.##
#..## #
###...#########..# #)##
### ~~.....~~~~~~.'.##
#.# ..##
....~.g@......'.# #.##
...#
~~....)~~~~~~.'.####.[#
...#
###...#########.......#
...# #~.)
#......######## ..##
#~. #.##.#.# .## #~.
#.##.#.# .### #~
#.#..#.# ...# #~
#..#.#.# ##.# #.#.##.#


You could see a gnoll.

Vanquished Creatures
  2 gnolls (D:2)
  An adder (D:2)
  A dart slug (D:2)
  A ribbon worm (D:2)
  4 ball pythons
  5 endoplasms
  2 giant cockroaches
  2 goblins (D:1)
  2 hobgoblins
  5 kobolds
  6 bats
  A frilled lizard (D:1)
  4 rats
36 creatures vanquished.

Notes
Turn   | Place    | Note
-------+----------+-------------------------------------------
     0 | D:1      | qw the Gargoyle Hunter began the quest for the Orb.
     0 | D:1      | Reached XP level 1. HP: 12/12 MP: 1/1
     0 | D:1      | 0 ||| qw: Version: 0.3-a-132-g3d54051
     0 | D:1      | 0 ||| qw: Game counter: 346
     0 | D:1      | 0 ||| qw: Melee chars always use a shield: true
     0 | D:1      | 0 ||| qw: God list: Okawaru
     0 | D:1      | 0 ||| qw: Allow faded altars: false
     0 | D:1      | 0 ||| qw: Do Orc after clearing Dungeon:15 true
     0 | D:1      | 0 ||| qw: Do second Lair branch before Depths: true
     0 | D:1      | 0 ||| qw: Lair rune preference: random
     0 | D:1      | 0 ||| qw: Goals: Normal
     0 | D:1      | 0 ||| PLANNING D:1-11
    93 | D:1      | Reached XP level 2. HP: 17/17 MP: 2/2
   571 | D:1      | 571 ||| READING scroll labelled PYFOIQ BERIUCUHAM.
   571 | D:1      | 571 ||| IDENTIFYING fizzy pink potion
   572 | D:1      | 572 ||| READING scroll labelled KOTSOR PERIS.
   673 | D:1      | 673 ||| READING scroll labelled BATRAZ CIFE.
   674 | D:1      | 674 ||| READING scroll labelled RUPLISM COORE.
   674 | D:1      | 674 ||| ENCHANTING +0 shortbow.
   675 | D:1      | 675 ||| DROPPING scroll of butterflies.
   676 | D:1      | 676 ||| DROPPING potion of attraction.
   738 | D:2      | Found a runed translucent door.
   739 | D:2      | Noticed Crazy Yiuf
   775 | D:2      | Reached skill level 5 in Ranged Weapons
   775 | D:2      | Reached XP level 3. HP: 21/21 MP: 3/3
   845 | D:2      | 845 ||| FLEEEEING.
  1107 | D:2      | Identified the +3 scale mail "Sael Zoeh" {Str+3}
  1364 | D:2      | Reached skill level 3 in Fighting
  1364 | D:2      | Reached XP level 4. HP: 28/28 MP: 4/4
  1374 | D:2      | HP: 2/28 [gnoll/+0 whip (6)]
  1374 | D:2      | Slain by a gnoll

Levels and vault maps discovered:
D:1:      scummos_arrival_hexagon, layout_loops_ring, serial_park_tiny_1
D:2:      layout_loops_corners, kennysheep_cross_bottleneck,
          uniq_crazy_yiuf_cottage

Skill      XL: |  1  2  3 |
---------------+----------+-----
Ranged Weapons | 5 |  5.2
Fighting       | 3 |  3.1
Dodging        | |  1.5
Stealth        | |  1.1

Action                     |  1- 3 |  4- 6 || total
---------------------------+-------+-------++-------
   Fire: Shortbow          |   118 |    11 ||   129
    Use: Scroll            |     4 |       ||     4
 Armour: Leather armour    |    34 |     8 ||    42
  Dodge: Dodged            |    37 |     2 ||    39

Table legend:
 A = Non-vault XP
 B = Vault XP
 C = Vault XP percentage of total XP
 D = Non-vault monster count
 E = Vault monster count
 F = Vault count percentage of total count
                 A         B        C        D         E       F
            +---------+---------+-------+---------+---------+-------
      Total |      97 |       0 |   0.0 |      36 |       0 |   0.0
            +---------+---------+-------+---------+---------+-------
        D:1 |      32 |       0 |   0.0 |      20 |       0 |   0.0
        D:2 |      65 |       0 |   0.0 |      16 |       0 |   0.0
            +---------+---------+-------+---------+---------+-------
